cohdb
Replays
Latest Replays
All Replays
Popular Replays
Top Player Replays
Match Explorer
How It Works
Community
CoH3 Stats
Reddit
Sign in to upload your games and track your stats! →
Sign in with Steam
Jager shrek bounces galore
Match 3510801
Overview
Messages
Build Orders
End
Pioneer Squad
Construct Infanterie Kompanie
MG 42 Machine Gun Team
MG 42 Machine Gun Team
GrW 34 Mortar Team
Medical Station
MG 42 Machine Gun Team
Grenadier Squad
Construct Luftwaffe Kompanie
Selects Luftwaffe Battlegroup
Selects Reconnaissance Run
Selects Fallschirmjäger Squad Paradrop
Fallschirmjäger Squad Paradrop
Jäger Squad
GrW 34 Mortar Team
Selects Fallschirmpioneer Squad Paradrop
Jäger Squad
Construct Panzer Kompanie
Selects Stuka Loiter
Reconnaissance Run
broodwarjc
Worldruler03
Belladonna
McTyts
0
0
Comments
sign in to comment!
No comments posted yet!